AoeStats
← Sera

Arena

508575423Analyzed
2v2 RM · 9d ago on Sep 23, 2026· 58m 27s· 4 players
Game mode
Random Map
Map size
Medium (4 player)
Population
200
Speed
Normal
Resources
Standard
Victory
Conquest
Starting age
Dark Age
Ending age
Imperial Age
RankedLock teamsTeams togetherTeam positionsShared explorationLock speedFull tech treeHidden civsTurbo modeCheats
Victory
Defeat
🇺🇸 Hindustanis · United States
1230
+15
🇺🇸 Bohemians · United States
1230
+15
🇵🇰 Burgundians · Pakistan
1235
-15
🇵🇰 Lithuanians · Pakistan
1198
-15
Umair
9:55 Feudal Age
14:27 Castle Age
12:25 Horse Collar
12:31 Double-Bit Axe
18:02 Bow Saw
17:56 Heavy Plow
21:17 Gold Mining
25:42 Wheelbarrow
28:25 Imperial Age
25:43 Loom
26:34 Forging
26:29 Scale Barding Armor
26:53 Bloodlines
26:44 Husbandry
28:35 Hand Cart
28:35 Stone Mining
29:36 Iron Casting
29:21 Chain Barding Armor
30:06 Crop Rotation
30:38 Two-Man Saw
30:16 Stone Shaft Mining
29:52 Cavalier
33:03 Guilds
32:42 Paladin
35:23 Plate Barding Armor
35:51 Fletching
37:31 Fortified Wall
38:26 Conscription
38:14 Hill Forts
38:57 Bodkin Arrow
43:04 Squires
42:25 Pikeman
44:24 Scale Mail Armor
44:24 Bracer
43:50 Halberdier
46:04 Chain Mail Armor
45:23 Man-at-Arms
45:28 Light Cavalry
48:09 Arson
Sera
10:09 Feudal Age
12:29 Town Watch
15:16 Castle Age
14:32 Double-Bit Axe
15:12 Horse Collar
18:41 Gold Mining
20:38 Bow Saw
23:17 Cavalier
23:23 Cavalier
24:11 Scale Barding Armor
26:35 Two-Man Saw
27:23 Chain Barding Armor
28:05 Heavy Plow
33:16 Imperial Age
32:14 Forging
33:21 Wheelbarrow
34:48 Crop Rotation
36:12 Iron Casting
35:48 Husbandry
36:39 Gold Shaft Mining
35:34 Paladin
36:42 Squires
36:28 Arson
37:08 Hand Cart
39:17 Plate Barding Armor
39:53 Loom
40:11 Town Patrol
41:20 Blast Furnace
41:48 Stone Mining
43:21 Scale Mail Armor
45:04 Chain Mail Armor
47:42 Conscription
MuMu4U4U
5:09 Loom
10:29 Feudal Age
18:25 Castle Age
18:41 Double-Bit Axe
22:19 Fortified Wall
27:44 Imperial Age
26:47 Wheelbarrow
28:05 Chemistry
29:15 Hand Cart
29:26 Bow Saw
30:47 Conscription
30:26 Horse Collar
31:41 Pikeman
34:44 Two-Man Saw
35:30 Forging
35:21 Scale Mail Armor
35:12 Fletching
34:49 Halberdier
36:15 Squires
37:59 Iron Casting
37:40 Chain Mail Armor
37:21 Bodkin Arrow
40:44 Blast Furnace
40:15 Plate Mail Armor
42:38 Siege Engineers
42:55 Ballistics
57:07 Bombard Tower
ChessPro2007
10:36 Feudal Age
11:43 Double-Bit Axe
12:01 Horse Collar
18:28 Castle Age
21:03 Wheelbarrow
20:47 Loom
20:47 Town Watch
22:33 Husbandry
23:19 Bloodlines
25:18 Bow Saw
25:52 Hand Cart
27:21 Gold Mining
27:21 Stone Mining
29:08 Gold Shaft Mining
32:18 Imperial Age
30:24 Scale Barding Armor
30:30 Forging
31:46 Padded Archer Armor
32:07 Chain Barding Armor
32:41 Iron Casting
31:28 Light Cavalry
32:36 Heavy Camel Rider
34:24 Chemistry
33:29 Siege Engineers
34:32 Plate Barding Armor
34:12 Leather Archer Armor
34:17 Heavy Plow
35:28 Two-Man Saw
35:21 Conscription
39:25 Imperial Camel Rider
44:09 Blast Furnace
44:21 Grand Trunk Road
44:58 Shatagni
46:11 Leather Archer Armor
48:23 Ring Archer Armor
57:52 Hoardings
58:24 Masonry
58:36 Fletching
59:09 Ballistics
Connection lost

Rejoining the realm…

Still unreachable

The connection could not be restored.

Session expired

The server has moved on; the page needs a fresh start.